 Dungeon Crawl Stone Soup version 0.31-a0-1091-g283494c966 (webtiles) character file.

Game seed: 16691994469280052232

97325 Flugslaktarn the Tortoise (level 15, -8/146 HPs)
             Began as a Minotaur Fighter on Nov 28, 2023.
             Was a High Priest of Okawaru.
             Mangled by a tyrant leech (15 damage)
             ... on level 2 of the Swamp.
             The game lasted 00:12:58 (22693 turns).

Flugslaktarn the Tortoise (Minotaur Fighter)       Turns: 22693, Time: 00:12:59

Health: -8/146     AC: 48    Str: 24    XL:     15   Next: 71%
Magic:  18/20      EV:  8    Int:  8    God:    Okawaru [*****.]
Gold:   951        SH: 14    Dex: 14    Spells: 14/14 levels left

rFire   . . .        C - +6 broad axe (heavy)
rCold   . . .        j - +0 kite shield {reflect}
rNeg    . . .        D - +8 orange crystal plate armour {Archmagi, Int+3 Clar}
rPois   +            (helmet restricted)
rElec   .            m - +2 cloak
rCorr   .            N - +2 pair of gloves
SInv    .            (no boots)
Will    +....        (no amulet) Stlth
                     p - +4 ring of protection
HPRegen 0.44/turn    o - ring of poison resistance
MPRegen 0.17/turn

%: reflection, clarity, archmagi
@: heroic
A: horns 2, retaliatory headbutt
a: Renounce Religion, Heroism, Finesse, Duel


You were on level 2 of the Swamp.
You worshipped Okawaru.
Okawaru was extremely pleased with you.
You visited 4 branches of the dungeon, and saw 22 of its levels.
You also visited: Ice Cave.

You collected 2110 gold pieces.
You spent 1159 gold pieces at shops.

Inventory:

Hand Weapons
 C - a +6 heavy broad axe (weapon)
   (Okawaru gifted it to you on level 12 of the Dungeon)
Armour
 j - a +0 kite shield of reflection (worn)
   (You took it off Donald on level 2 of the Swamp)
 m - a +2 cloak (worn)
   (You found it on level 6 of the Dungeon)
 D - the +8 orange crystal plate armour (worn) {Archmagi, Int+3 Clar}
   (Okawaru gifted it to you on level 12 of the Dungeon)

   Int+3:     It affects your intelligence (+3).
   Clar:      It protects you from confusion, rage, mesmerisation and fear.
 N - a +2 pair of gloves (worn)
   (You found it on level 2 of the Lair of Beasts)
Jewellery
 a - a +4 ring of protection
   (You bought it in a shop on level 2 of the Orcish Mines)
 f - a ring of protection from fire
   (You found it on level 3 of the Lair of Beasts)
 i - a ring of see invisible
   (You found it on level 2 of the Lair of Beasts)
 k - a ring of resist corrosion
   (You found it on level 4 of the Lair of Beasts)
 n - a ring of protection from fire
   (You took it off a spriggan on level 2 of the Swamp)
 o - a ring of poison resistance (right hand)
   (You bought it in a shop on level 2 of the Orcish Mines)
 p - a +4 ring of protection (left hand)
   (You found it on level 1 of the Dungeon)
Wands
 s - a wand of light (9)
   (You found it on level 7 of the Dungeon)
 A - a wand of iceblast (18)
   (You found it on level 9 of the Dungeon)
 G - a wand of mindburst (22)
   (You found it on level 5 of the Dungeon)
Scrolls
 b - a scroll of revelation
 l - a scroll of enchant weapon
 r - 2 scrolls of identify
 t - 2 scrolls of teleportation
 x - 3 scrolls of vulnerability
 E - a scroll of fear
 F - 2 scrolls of silence
 H - a scroll of enchant armour {unknown}
 J - a scroll of fog {unknown}
Potions
 c - 3 potions of cancellation
 d - 5 potions of might
 e - 8 potions of enlightenment
 g - 5 potions of mutation
 h - 3 potions of haste
 q - 21 potions of curing
 v - a potion of magic
 w - 4 potions of heal wounds
 B - 3 potions of invisibility
 I - 3 potions of ambrosia
 K - a potion of berserk rage


   Skills:
 + Level 16.9(21.9) Fighting
 - Level 18.0(23.0) Axes
 * Level 18.2(23.2) Armour
 + Level 13.1(18.1) Shields
 - Level 8.0 Invocations


You had 14 spell levels left.
You didn't know any spells.
Your spell library contained the following spells:

 Spells                   Type           Power      Damage    Failure   Level
 Kiss of Death            Conj/Necr      0%         2d5       100%        1
 Magic Dart               Conj           0%         1d3       100%        1
 Searing Ray              Conj           0%         2d4       100%        2
 Dazzling Flash           Conj/Hex       0%         N/A       100%        3
 Frozen Ramparts          Ice            0%         1d1       100%        3
 Stone Arrow              Conj/Erth      0%         3d7       100%        3
 Volatile Blastmotes      Fire/Tloc      0%         2d10      100%        3
 Anguish                  Hex/Necr       0%         N/A       100%        4
 Brom's Barrelling Bould  Conj/Erth      0%         2d3       100%        4
 Fulminant Prism          Conj/Hex       0%         3d5       100%        4
 Leda's Liquefaction      Hex/Erth       0%         N/A       100%        4
 Vhi's Electric Charge    Tloc/Air       0%         N/A       100%        4
 Alistair's Intoxication  Tmut/Pois      0%         N/A       100%        5
 Arcjolt                  Conj/Air       0%         1d10      100%        5
 Lee's Rapid Deconstruct  Erth           0%         3d4*      100%        5
 Metabolic Englaciation   Hex/Ice        0%         N/A       100%        5
 Yara's Violent Unravell  Hex/Tmut       0%         3d3       100%        5
 Bombard                  Conj/Erth      0%         9d1       100%        6
 Starburst                Conj/Fire      0%         6d3       100%        6
 Ozocubu's Refrigeration  Ice            0%         4d7       100%        7
 Lehudib's Crystal Spear  Conj/Erth      0%         10d2      100%        8
 Maxwell's Capacitive Co  Air            0%         ∞         100%        8
 Polar Vortex             Ice            0%         N/A       100%        9
 Animate Armour           Summ/Erth      Unusable   N/A       N/A         4
 Simulacrum               Ice/Necr       Unusable   N/A       N/A         6

Dungeon Overview and Level Annotations

Branches:
Dungeon (12/15)            Temple (0/1) D:7            Lair (5/5) D:10
  Swamp (3/4) Lair:3       Spider (0/4) Lair:3        Slime (0/5) Lair:4
    Orc (2/2) D:11            Elf (0/3) Orc:2         IceCv (visited)

Altars:
Ashenzari
Nemelex Xobeh
Okawaru
Ru
Sif Muna
Vehumet
Yredelemnul
The Shining One
Jiyva

Shops:
Orc:1 (   Orc:2 (=!*

Portals:
Abyss: D:6
Pandemonium: Orc:2

Annotations:
D:5 2 transporters, Dirtsage's ghost, novice DsMo
D:6 2 transporters, bmj180's ghost, novice HuCj
D:8 1 transporter, exclusions: door and statue
D:11 3 runed translucent doors, exclusion: orange crystal statue
D:12 1 transporter, GrimJard's ghost, journeyman MiFi
Lair:1 2 transporters, kae's ghost, journeyman DsEn
Lair:2 1 runed translucent door, Dahi's ghost, journeyman AtMo
Lair:3 exclusion: 4 oklob plants


Innate Abilities, Weirdness & Mutations

You have a pair of horns on your head.
You reflexively headbutt those who attack you in melee.


Message History

The stone arrow hits you.
A swamp dragon comes into view.
You carve the spriggan rider like a ham!!!
You kill the hornet!
Okawaru accepts your kill.
The spriggan falls from its now dead mount.
You headbutt the spriggan, but do no damage.
The spriggan is almost dead.
You closely miss the spriggan druid.
The goliath frog hits you but does no damage.
You block the spriggan druid's attack. The spriggan barely misses you.
You furiously retaliate!
You headbutt the spriggan!
You kill the spriggan!
Okawaru accepts your kill.
You barely miss the spriggan druid.
Your headbutt misses the spriggan druid.
The goliath frog hits you but does no damage.
You block the spriggan druid's attack. You block the goliath frog's attack.
You closely miss the spriggan druid.
The spriggan druid hits you but does no damage.
You block the goliath frog's attack.
You slice one of the four-headed hydra's heads off!
The three-headed hydra grows two more!
You slice the five-headed hydra!!
The five-headed hydra is heavily wounded.
You miss the spriggan druid. The goliath frog hits you from afar!
You are splashed with acid!
You block the spriggan druid's attack.
The five-headed hydra bites you but does no damage.
You block the five-headed hydra's attack.
The five-headed hydra bites you but does no damage. x3
You hack one of the five-headed hydra's heads off!
The four-headed hydra grows two more!
You slash the six-headed hydra! You headbutt the six-headed hydra!
The six-headed hydra is severely wounded.
You closely miss the spriggan druid.
The goliath frog hits you but does no damage.
The spriggan druid mumbles some strange words.
The forest starts to sway and rumble!
You block the six-headed hydra's attack.
The six-headed hydra barely misses you.
You block the six-headed hydra's attack.
The six-headed hydra bites you but does no damage.
The six-headed hydra bites you.
You block the six-headed hydra's attack.
The goliath frog barely misses you.
You chop one of the six-headed hydra's heads off!
The five-headed hydra grows two more!
You slice the seven-headed hydra!! You headbutt the seven-headed hydra.
The seven-headed hydra is almost dead.
You slice the spriggan druid!!
The forest calms down.
You block the spriggan druid's attack.
You block the seven-headed hydra's attack. x2
The seven-headed hydra bites you but does no damage. x5
The goliath frog hits you but does no damage.
The goliath frog hits you but does no damage.
The seven-headed hydra attacks as it pursues you!
You block the seven-headed hydra's attack. x2
The seven-headed hydra bites you but does no damage.
The seven-headed hydra barely misses you.
The seven-headed hydra bites you!
You block the seven-headed hydra's attack.
The seven-headed hydra bites you but does no damage.
The spriggan druid hits you with a +3 quarterstaff!
Things that are here:
a +0 spear; a hornet corpse You slice one of the seven-headed hydra's heads off!
The six-headed hydra grows two more!
You cut the eight-headed hydra into ribbons!!!
You kill the eight-headed hydra!
Okawaru accepts your kill.
You slash the spriggan druid!
The goliath frog hits you but does no damage.
The spriggan druid barely misses you. The goliath frog hits you from afar.
You are splashed with acid!
You are too injured to fight recklessly!
You closely miss the swamp dragon. You headbutt the swamp dragon.
The swamp dragon is lightly wounded.
You closely miss the spriggan druid. You block the swamp dragon's attack.
The swamp dragon claws you but does no damage.
The swamp dragon completely misses you. The goliath frog hits you from afar!
You are splashed with acid!
* * * LOW HITPOINT WARNING * * *
The spriggan druid mumbles some strange words.
The spriggan druid is healed somewhat.
You gain the combat prowess of a mighty hero.
The swamp dragon bites you but does no damage.
The swamp dragon barely misses you. The swamp dragon tramples you.
* * * LOW HITPOINT WARNING * * *
You hold your ground!
The goliath frog hits you from afar!
* * * LOW HITPOINT WARNING * * *
You are splashed with acid!
* * * LOW HITPOINT WARNING * * *
The spriggan druid hits you with a +3 quarterstaff!
* * * LOW HITPOINT WARNING * * *
Blink to where?
Press: ? - help, Dir - move target
As you read the scroll of blinking, it crumbles to dust.
You block the goliath frog's attack.
The spriggan druid calls out to the beasts of the wild!
You climb upwards.
The tyrant leech bites you!
You die...

..♣.~♣≈~~♣..~~~♣♣~~~~.[♣♣♣♣....§.
♣♣♣.~.♣♣♣~.~..♣♣♣......†♣♣.....♣.
♣ ♣.~§.♣♣.~~.~♣ ♣♣..~♣♣♣~(..~.~♣.
♣ ♣..~~♣♣..~.♣♣ ♣~...♣ ♣~[.~~~)/.
♣~♣♣...♣♣♣~♣♣♣ ♣~..~♣ ♣♣♣.~~~.))
~.~.....~.♣♣♣ ....♣♣♣ ♣.~~...~
.~~~~...~~♣♣.♣♣♣♣♣♣♣♣ ♣♣.~~...♣
.~~.~~♣♣...♣♣....w♣.♣♣♣♣♣.~~~.).♣
♣.~.♣♣♣♣♣♣♣♣♣...@.♣...~.~♣...~..♣
♣~~. ♣..:...)..♣..~~~~♣♣.~♣...
♣♣♣♣ ♣../≈≈...♣♣♣~>.[.♣♣...♣.♣
♣...≈≈≈≈...♣§...~♣♣♣♣.♣.♣.
....≈≈≈...♣..~.♣♣♣ ~.♣♣..♣
..≈≈≈≈...♣♣~~~.♣♣♣♣~~~♣.♣♣
.≈≈≈≈...♣♣.~~§~~§..♣~♣~~~♣
≈≈≈≈≈≈..♣♣~~~~~~~...♣♣♣.♣.
≈≈≈≈...♣♣.~~~~~~~....♣..♣♣


You could see a tyrant leech.

Vanquished Creatures
  A thorn hunter (Swamp:2)
  Donald (Swamp:2)
  A fenstrider witch (Swamp:1)
  A frost giant (IceCv)
  Nessos (Lair:4)
  2 eleionomae (Swamp:2)
  2 bunyips
  An ettin (Orc:2)
  Snorg (Lair:5)
  3 hydras
  2 demonspawn (Orc:2)
  A ghost crab (Swamp:2)
  2 alligators (Swamp:1)
  A boulder beetle (D:11)
  A two-headed ogre (D:7)
  2 catoblepae (Lair:1)
  4 death yaks
  A demonic crawler (Lair:3)
  4 orc high priests (Orc:2)
  2 soul eaters (Orc:2)
  2 skysharks
  2 goliath frogs
  2 bog bodies (Swamp:2)
  2 swamp dragons (Swamp:2)
  4 spriggan druids
  A deep troll (Lair:4)
  3 lindwurms (Lair:4)
  An ugly thing (D:12)
  6 orc knights
  8 orc sorcerers
  Maurice (D:8)
  A manticore (Lair:3)
  8 elephants
  3 will-o-the-wisps
  6 black mambas
  An orange demon (Orc:2)
  An ice statue (IceCv)
  11 cane toads
  2 kobold demonologists (D:10)
  2 unseen horrors
  2 kobold blastminers (Orc:2)
  18 polar bears
  5 trolls
  13 komodo dragons
  6 rime drakes
  14 hornets
  A queen bee (Lair:3)
  2 tyrant leeches
  14 blink frogs
  3 dream sheep
  2 shadows
  7 wyverns
  24 spriggans
  A vampire (D:8)
  8 basilisks
  4 wraiths
  2 steam dragons
  41 yaks
  8 vampire mosquitoes
  12 swamp worms
  3 wargs (Orc:1)
  9 water moccasins
  30 orc warriors
  A swamp drake (Swamp:1)
  2 ice beasts
  2 sky beasts
  6 black bears
  5 ogres
  60 wolves
  4 boggarts (Lair:5)
  A centaur (D:8)
  A phantom (D:5)
  14 bullfrogs
  3 kobold brigands
  2 scorpions
  5 wights (D:7)
  42 killer bees
  7 howler monkeys
  3 electric eels
  24 orc priests
  7 hounds
  A jelly (D:4)
  2 gnoll boudas
  Natasha (thrice) (D:4)
  6 iguanas
  2 hell rats (Lair:3)
  10 orc wizards
  9 gnolls
  9 adders
  A river rat (Lair:3)
  12 white imps (Lair:5)
  4 ufetubi
  4 worms
  A dart slug (D:2)
  70 orcs
  7 ball pythons
  11 bats
  9 endoplasms
  5 giant cockroaches
  9 goblins
  11 hobgoblins
  9 kobolds
  4 quokkas
  3 frilled lizards
  2 rats (D:1)
  A spectral kobold (D:3)
  A butterfly (Lair:5)
725 creatures vanquished.

Vanquished Creatures (others)
  A hornet (Swamp:2)
  3 spriggans
  A swamp worm (Swamp:2)
  7 foxfires (Swamp:3)
12 creatures vanquished.

Grand Total: 737 creatures vanquished

Notes
Turn   | Place    | Note
-------+----------+-------------------------------------------
     0 | D:1      | Flugslaktarn the Minotaur Fighter began the quest for the
                  | Orb.
     0 | D:1      | Reached XP level 1. HP: 19/19 MP: 0/0
   101 | D:1      | Reached XP level 2. HP: 26/27 MP: 1/1
   615 | D:2      | Reached XP level 3. HP: 33/33 MP: 2/2
  1139 | D:2      | Reached XP level 4. HP: 41/41 MP: 3/3
  1329 | D:2      | Identified the +1 robe "Neutetru" {Rampage rElec rF- rCorr
                  | Int+8}
  1682 | D:3      | Reached XP level 5. HP: 43/47 MP: 4/4
  1746 | D:3      | Identified the +9 mace "Oshudahe" {protect, Stlth+}
  1795 | D:3      | Reached skill level 5 in Fighting
  1958 | D:3      | Found a faded altar of an unknown god.
  2683 | D:4      | Noticed Natasha
  2687 | D:4      | Killed Natasha
  2688 | D:4      | Reached XP level 6. HP: 48/56 MP: 5/5
  2742 | D:4      | Reached skill level 5 in Axes
  2795 | D:4      | Reached skill level 5 in Shields
  2932 | D:4      | Found an iron altar of Okawaru.
  2948 | D:4      | Became a worshipper of Warmaster Okawaru
  3072 | D:4      | Noticed Natasha
  3078 | D:4      | Killed Natasha
  3089 | D:4      | Noticed Natasha
  3092 | D:4      | Killed Natasha
  3093 | D:4      | Reached skill level 5 in Armour
  3137 | D:5      | Entered Level 5 of the Dungeon
  3160 | D:5      | Reached XP level 7. HP: 63/63 MP: 6/6
  3453 | D:5      | Reached skill level 1 in Invocations
  3455 | D:5      | Found a transporter.
  3457 | D:5      | Found a transporter.
  3457 | D:5      | Noticed Dirtsage's ghost (novice DsMo)
  3742 | D:5      | Reached * piety under Okawaru
  3791 | D:5      | You fall into a shaft and drop 2 floors!
  3793 | D:7      | Noticed a two-headed ogre
  3806 | D:7      | Killed a two-headed ogre
  3806 | D:7      | Reached ** piety under Okawaru
  3807 | D:7      | Reached XP level 8. HP: 8/74 MP: 8/8
  3820 | D:7      | Reached *** piety under Okawaru
  4135 | D:6      | Noticed bmj180's ghost (novice HuCj)
  4672 | D:6      | Found a transporter.
  4696 | D:6      | Found a transporter.
  4803 | D:6      | Reached XP level 9. HP: 82/82 MP: 10/10
  4900 | D:6      | Noticed an ancient zyme
  5056 | D:6      | Found a one-way gate to the infinite horrors of the Abyss.
  5357 | D:7      | Killed an unseen horror
  5357 | D:7      | Reached **** piety under Okawaru
  5549 | D:7      | Identified the +3 war axe "Qafablir" {heavy, Drain Fragile
                  | +Blink rPois}
  5969 | D:7      | Found a staircase to the Ecumenical Temple.
  6218 | D:8      | Reached ***** piety under Okawaru
  6221 | D:8      | Reached skill level 10 in Fighting
  6227 | D:8      | Reached XP level 10. HP: 51/93 MP: 12/12
  6422 | D:8      | Found a shimmering blue altar of Sif Muna.
  6534 | D:8      | Found a transporter.
  6543 | D:8      | Found a radiant altar of Vehumet.
  6821 | D:8      | Noticed Maurice
  6830 | D:8      | Something stole 430 gold
  6833 | D:8      | Killed Maurice
  6833 | D:8      | Received a gift from Okawaru
  6834 | D:8      | Reached skill level 10 in Axes
  7107 | D:9      | Reached skill level 5 in Invocations
  7842 | D:10     | Entered Level 10 of the Dungeon
  7896 | D:10     | Found a staircase to the Lair.
  7928 | D:10     | Received a gift from Okawaru
  8348 | D:10     | Found a basalt altar of Yredelemnul.
  8348 | D:10     | Found a sparkling altar of Nemelex Xobeh.
  8350 | D:10     | Found a broken altar of Ashenzari.
  8352 | D:10     | Got Sif Muna's Commentary on Quicksand and Therianthropy
  8542 | D:10     | Found a glowing golden altar of the Shining One.
  8581 | D:10     | Reached XP level 11. HP: 104/104 MP: 14/14
  9011 | D:11     | Found a runed translucent door.
  9026 | D:11     | Found a runed translucent door.
  9041 | D:11     | Found a runed translucent door.
  9059 | D:11     | Found a runed translucent door.
  9157 | D:11     | Noticed a boulder beetle
  9167 | D:11     | Killed a boulder beetle
  9305 | D:11     | Found a staircase to the Orcish Mines.
  9769 | D:12     | Noticed GrimJard's ghost (journeyman MiFi)
  9772 | D:12     | Found a transporter.
  9811 | D:11     | Noticed an orange crystal statue
  9899 | D:12     | Noticed a purple ugly thing
  9909 | D:12     | Killed a purple ugly thing
  9909 | D:12     | Reached ****** piety under Okawaru
  9909 | D:12     | Received a gift from Okawaru
  9910 | D:12     | Acquired a +3 broad axe of electrocution
  9910 | D:12     | Received a gift from Okawaru
  9913 | D:12     | Acquired the +8 orange crystal plate armour {Archmagi,
                  | Int+3 Clar}
  9913 | D:12     | Received a gift from Okawaru
  9913 | D:12     | Found the +8 orange crystal plate armour {Archmagi, Int+3
                  | Clar}
  9979 | Lair:1   | Entered Level 1 of the Lair of Beasts
  9988 | Lair:1   | Noticed a catoblepas
  9992 | Lair:1   | Killed a catoblepas
 10296 | Lair:1   | Reached skill level 10 in Armour
 10300 | Lair:1   | Received a gift from Okawaru
 10319 | Lair:1   | HP: 2/107 [black mamba (12)]
 10720 | Lair:1   | Identified the +0 rapier of Tentacled Honour {heavy, rPois}
 10756 | Lair:1   | Noticed a skyshark
 10763 | Lair:1   | Killed a skyshark
 10764 | Lair:1   | Reached XP level 12. HP: 61/115 MP: 16/16
 10905 | Lair:1   | Identified the +5 long sword "Fiuschol" {protect, MP+9}
 11077 | Lair:1   | Noticed a death yak
 11085 | Lair:1   | Killed a death yak
 11257 | Lair:1   | Noticed a catoblepas
 11271 | Lair:1   | Killed a catoblepas
 11287 | Lair:1   | Received a gift from Okawaru
 11334 | Lair:1   | Noticed kae's ghost (journeyman DsEn)
 11335 | Lair:1   | Found a transporter.
 11345 | Lair:1   | Found a transporter.
 12040 | Lair:2   | Got the Directory of the Blowfly
 12056 | Lair:2   | Received a gift from Okawaru
 12082 | Lair:2   | Found a runed translucent door.
 12083 | Lair:2   | Noticed Dahi's ghost (journeyman AtMo)
 12098 | Lair:2   | Noticed a six-headed hydra
 12109 | Lair:2   | Killed a 13-headed hydra
 12307 | Lair:2   | Found a sacrificial altar of Ru.
 12409 | Lair:2   | Noticed a four-headed hydra
 12416 | Lair:2   | Killed a six-headed hydra
 12853 | Lair:2   | Received a gift from Okawaru
 13243 | Lair:3   | Found a hole to the Spider Nest.
 13249 | Lair:3   | Noticed a demonic crawler
 13271 | Lair:3   | Killed a demonic crawler
 13272 | Lair:3   | Reached XP level 13. HP: 71/124 MP: 16/18
 13424 | Lair:3   | Found a staircase to the Swamp.
 13499 | Lair:3   | Reached skill level 15 in Axes
 14538 | Lair:4   | Received a gift from Okawaru
 14703 | Lair:4   | Found a viscous altar of Jiyva.
 14703 | Lair:4   | Found a staircase to the Slime Pits.
 14790 | Lair:4   | Noticed Nessos
 14804 | Lair:4   | Killed Nessos
 15127 | Lair:4   | Identified the +3 sling of Attainder {speed, rPois rC+
                  | Will- Dex+4}
 15809 | Lair:5   | Entered Level 5 of the Lair of Beasts
 15826 | Lair:5   | Reached skill level 10 in Shields
 15898 | Lair:5   | Noticed Snorg
 15899 | Lair:5   | Found a frozen archway.
 15914 | Lair:5   | Killed Snorg
 16333 | IceCv    | Entered an ice cave
 16393 | IceCv    | Received a gift from Okawaru
 16709 | IceCv    | Noticed a frost giant
 16720 | IceCv    | Killed a frost giant
 16726 | IceCv    | Reached XP level 14. HP: 81/133 MP: 16/19
 16727 | IceCv    | Reached skill level 15 in Fighting
 16730 | IceCv    | Received a gift from Okawaru
 16885 | IceCv    | Identified the +8 spear of the Tent {flame, rPois rF+++
                  | Str-5 Int+3}
 17444 | Lair:5   | Reached skill level 15 in Armour
 17460 | Lair:5   | Received a gift from Okawaru
 19095 | Orc:1    | Entered Level 1 of the Orcish Mines
 19159 | Orc:1    | Received a gift from Okawaru
 19328 | Orc:1    | Found Kyicvij's Weapon Boutique.
 19363 | Orc:2    | Entered Level 2 of the Orcish Mines
 19783 | Orc:2    | Found Xygobrad's Distillery.
 19785 | Orc:2    | Found Qaugaykh's General Store.
 19804 | Orc:2    | Received a gift from Okawaru
 20104 | Orc:2    | Reached XP level 15. HP: 121/143 MP: 16/20
 20191 | Orc:2    | Found Caefu's Jewellery Boutique.
 20191 | Orc:2    | Found a one-way gate leading to the halls of Pandemonium.
 20191 | Orc:2    | Found Onun's Antique Weapon Shop.
 20196 | Orc:2    | Bought a +4 ring of protection for 468 gold pieces
 20339 | Orc:2    | Bought a potion of heal wounds for 65 gold pieces
 20339 | Orc:2    | Bought a potion of cancellation for 104 gold pieces
 20341 | Orc:2    | Bought a potion of heal wounds for 75 gold pieces
 20341 | Orc:2    | Bought a potion of heal wounds for 75 gold pieces
 20341 | Orc:2    | Bought a scroll of blinking for 112 gold pieces
 20788 | Orc:2    | Found a staircase to the Elven Halls.
 20873 | Orc:2    | Bought a ring of poison resistance for 260 gold pieces
 21060 | Swamp:1  | Entered Level 1 of the Swamp
 21108 | Swamp:1  | Received a gift from Okawaru
 21229 | Swamp:1  | Identified the +4 trident of Frustration {antimagic, rN+}
 21315 | Swamp:1  | Noticed a fenstrider witch
 21337 | Swamp:1  | HP: 7/144 [??? (5)]
 21338 | Swamp:1  | Killed a fenstrider witch
 21827 | Swamp:2  | Noticed a thorn hunter
 21835 | Swamp:2  | Killed a thorn hunter
 21971 | Swamp:2  | Noticed Donald
 21980 | Swamp:2  | Killed Donald
 22007 | Swamp:2  | Received a gift from Okawaru
 22690 | Swamp:3  | HP: 5/146 [spriggan druid/+3 quarterstaff (8)]
 22693 | Swamp:2  | Mangled by a tyrant leech

Illustrated notes

Levels and vault maps discovered:
D:1:      dpeg_arrival_line_fractal, layout_rooms, serial_curves,
          eino_curves_04, eino_curves_02, serial_bayou_lagoon_a,
          dreamdust_princess_bridge
D:2:      layout_basic
D:3:      layout_loops_cross, dreamdust_ecumenical_altar_drowned_temple,
          minmay_fountain_box
D:4:      layout_basic, okawaru_altar_gauntlet_db, uniq_natasha
D:5:      layout_loops_corners, gammafunk_ghost_arena, solitary_fountain,
          dk_noncrumbling_3
D:6:      layout_loops_cross, gammafunk_ghost_abyssal_escape
D:7:      layout_rooms, minmay_temple_entry_mist, grunt_decor_clamped
D:8:      layout_rooms, led_sif_book, vehumet_statue, grunt_decor_cap,
          minmay_misc_feat_iff, nicolae_diode_basic, uniq_maurice
D:9:      layout_loops_ring, minmay_misc_feat_secret_circle,
          minmay_misc_feat_cross, grunt_ministairs_7, kennysheep_dice
D:10:     layout_loops_ring, tso_metal_star, nicolae_overflow_hidden_temple,
          erik_lair_island
D:11:     layout_long_grid, david_orc_4, minmay_statue_crystal_thing
D:12:     minmay_the_grid_triangle_9x9_recursive_2
          [minmay_the_grid_triangle_9x9_prize_special,
          minmay_the_grid_triangle_9x9_flanged_cone,
          minmay_the_grid_triangle_9x9_semitri,
          minmay_the_grid_triangle_9x9_corrupted_corridor], layout_loops_cross,
          serial_shops, nicolae_shop_real_fake_doors, shop,
          gammafunk_ghost_hive, elyvilon_altar_5
Lair:1:   layout_long_grid, gammafunk_ghost_berserking_beasts,
          minmay_shattered_shrine, infiniplex_staircase_pool
Lair:2:   beast_lair_carwin_large_1, layout_regular_city, basic_altar,
          ebering_ghost_inner_flame
Lair:3:   hangedman_what_comes_after_a, layout_regular_city,
          minmay_swamp_entry_worms, nicolae_spider_entry_non_spiders,
          lemuel_fruit_tree
Lair:4:   dreamdust_cave_troll, layout_gridlike, slime_entry_1,
          nicolae_lair_lindhole, uniq_nessos
Lair:5:   minmay_lair_end_enchanted_forest, layout_regular_city,
          portal_ice_cave_entry_imps, serial_bayou_shore_a, lemuel_fruit_fields,
          uniq_snorg
Swamp:1:  layout_falls_marsh, evilmike_swamp_ruin_house_4,
          nicolae_swamp_tree_isthmus
Swamp:2:  layout_basic_swamp, nicolae_swamp_dense_foliage,
          nicolae_swamp_stair_fork, swamp_pool_1_2, uniq_louise, uniq_donald
Swamp:3:  layout_basic_swamp, evilmike_swamp_ruin_house_3
Orc:1:    layout_diamond_mine, serial_shops, shop
Orc:2:    pf_orc_diabolical, layout_diamond_mine, gauntlet_entry_generic,
          basic_altar, nicolae_orc_sculptors_studio

Skill      XL: |  1  2  3  4  5  6  7  8  9 10 11 12 13 14 15 |
---------------+----------------------------------------------+-----
Fighting       | 4 5 6 7 8 10 11 13 14 15 16 | 16.9
Axes           | 3 4 5 7 8 9 11 13 14 16 18 | 18.0
Shields        | 4 5 6 7 9 10 11 13 | 13.1
Armour         | 4 5 6 7 8 10 12 14 16 18 | 18.2
Invocations    | 2 3 4 5 7 8 |  8.0

Action                     |  1- 3 |  4- 6 |  7- 9 | 10-12 | 13-15 || total
---------------------------+-------+-------+-------+-------+-------++-------
  Melee: War axe           |    87 |    47 |    36 |   184 |       ||   354
         Headbutt          |    10 |    15 |    30 |    70 |   166 ||   291
         Mace              |       |    95 |   103 |       |       ||   198
         Broad axe         |       |       |       |   194 |   816 ||  1010
         Punch             |       |       |       |       |     1 ||     1
 Invoke: Receive Weapon    |       |       |       |     1 |       ||     1
         Receive Armour    |       |       |       |     1 |       ||     1
         Heroism           |       |       |       |     4 |    12 ||    16
         Finesse           |       |       |       |       |     4 ||     4
  Evoke: Wand              |       |       |     3 |       |     1 ||     4
    Use: Potion            |       |       |     1 |     1 |     5 ||     7
         Scroll            |       |       |     5 |    12 |    10 ||    27
   Stab: Petrifying        |       |       |       |     1 |       ||     1
         Confused          |       |       |       |       |     3 ||     3
 Armour: Scale mail        |    58 |    51 |       |       |       ||   109
         Chain mail        |       |    61 |   162 |   203 |       ||   426
         Crystal plate arm |       |       |       |   547 |  1001 ||  1548
  Dodge: Dodged            |    43 |    46 |    48 |   146 |   170 ||   453
  Block: Buckler           |    19 |    31 |    41 |   104 |       ||   195
         Kite shield       |       |       |       |   127 |   660 ||   787
         Reflection        |       |       |       |       |     4 ||     4

Table legend: (Time is in decaauts)
 A = Elapsed time spent in this place.
 B = Non-inter-level travel time spent in this place.
 C = Inter-level travel time spent in this place.
 D = Time resting spent in this place.
 E = Time spent auto-exploring this place.
 F = Levels seen in this place.
 G = Mean time per level.
                   A        B        C        D        E       F      G
               +--------+--------+--------+--------+--------+-----+--------+
         Total |  23241 |  22155 |   1086 |   2881 |  15333 |  23 | 1010.5 |
       Dungeon |  10337 |   9787 |    550 |    881 |   7322 |  12 |  861.4 |
          Lair |   8445 |   8070 |    375 |   1337 |   5338 |   5 | 1689.0 |
         Swamp |   1708 |   1685 |     23 |    594 |    751 |   3 |  569.3 |
  Orcish Mines |   1855 |   1718 |    137 |     63 |   1259 |   2 |  927.5 |
      Ice Cave |    895 |    895 |      0 |      5 |    661 |   1 |  895.0 |
               +--------+--------+--------+--------+--------+-----+--------+

Top non-repeatable levels by time:
  Lair:1: 2220 daAuts
  Lair:5: 1985 daAuts
   Orc:2: 1562 daAuts
  Lair:4: 1518 daAuts
  Lair:2: 1488 daAuts
  Lair:3: 1233 daAuts
    D:10: 1224 daAuts
     D:7: 1091 daAuts
     D:4: 1046 daAuts
     D:5: 1031 daAuts
    D:11: 980 daAuts
     D:9: 938 daAuts
     D:8: 901 daAuts
   IceCv: 895 daAuts
 Swamp:2: 849 daAuts
